 Dungeon Crawl Stone Soup version 0.29.0-5-ge4962eb29e (webtiles) character file.

Game seed: 16016973957503559600

11457 Zeldest the Cleaver (level 11, -5/89 HPs)
             Began as a Mummy Chaos Knight on Aug 29, 2022.
             Was an Initiate of Gozag.
             Slain by an eight-headed hydra (11 damage)
             ... on level 1 of the Lair of Beasts.
             The game lasted 00:15:38 (9919 turns).

Zeldest the Cleaver (Mummy Chaos Knight)            Turns: 9919, Time: 00:15:38

Health: -5/89      AC: 10    Str: 26    XL:     11   Next: 49%
Magic:  11/11      EV: 15    Int: 12    God:    Gozag
Gold:   1007       SH:  0    Dex: 12    Spells: 10/10 levels left

rFire   x . .      SeeInvis .   f - +6 mace "Dunyu" {freeze, *Slow Will+ Str+7}
rCold   + . .      Faith    .   (no shield)
rNeg    + + +      Spirit   .   A - +0 steam dragon scales
rPois   ∞          Reflect  .   w - +0 helmet
rElec   .          Harm     .   g - +0 cloak
rCorr   .          Rampage  .   h - +0 pair of gloves
Will    +++..                   (no boots)
Stlth   +.........              t - amulet of regeneration
HPRegen 1.04/turn               k - +4 ring of evasion
MPRegen 0.12/turn               o - ring of willpower

@: mighty, brilliant, hasted, very quick
A: cold resistance 1, negative energy resistance 3, torment resistance 2, heat
vulnerability 1, in touch with death 1, no potions
a: Renounce Religion, Potion Petition, Call Merchant, Bribe Branch


You were on level 1 of the Lair of Beasts.
You worshipped Gozag.
Gozag was most pleased with you.
You visited 3 branches of the dungeon, and saw 12 of its levels.
You also visited: Sewer.

You collected 2132 gold pieces.
You paid 1125 gold pieces to Gozag.

Inventory:

Hand Weapons
 a - a +0 hand axe of chaos
 f - the +6 mace "Dunyu" (weapon) {freeze, *Slow Will+ Str+7}
   (You found it on level 2 of the Dungeon)

   It freezes those it strikes, dealing additional cold damage.
   It can also slow down cold-blooded creatures.
   Str:       It affects your strength (+7).
   *Slow:     It may slow you when you take damage.
   Will:      It increases your willpower.
 D - a +3 vampiric hand axe
Missiles
 n - 3 throwing nets
Armour
 g - a +0 cloak (worn)
 h - a +0 pair of gloves (worn)
 w - a +0 helmet (worn)
 A - +0 steam dragon scales (worn)
Jewellery
 k - a +4 ring of evasion (left hand)
 m - a +4 ring of evasion
 o - a ring of willpower (right hand)
 t - an amulet of regeneration (around neck)
 u - a +6 ring of strength
 x - a ring of magical power
 z - a +6 ring of dexterity
Wands
 s - a wand of flame (37)
Scrolls
 d - 2 scrolls of brand weapon
 e - 3 scrolls of vulnerability
 i - 2 scrolls of teleportation
 j - 6 scrolls of butterflies
 l - a scroll of magic mapping
 p - 5 scrolls of blinking
 q - a scroll of fear
 r - a scroll of poison
 v - 2 scrolls of enchant weapon
 y - 3 scrolls of enchant armour
 B - a scroll of noise
 C - a scroll of amnesia
Miscellaneous
 c - a piece from Xom's chessboard (15/15) (quivered)


   Skills:
 + Level 9.0 Fighting
 * Level 12.2 Axes
 + Level 7.1 Armour
 - Level 0.7 Dodging


You had 10 spell levels left.
You didn't know any spells.
Your spell library contained the following spells:

 Spells                   Type           Power      Damage    Failure   Level
 Freeze                   Ice            0%         1d3       32%         1
 Poisonous Vapours        Pois/Air       0%         N/A       45%         2
 Static Discharge         Conj/Air       0%         3-3/arc   45%         2
 Frozen Ramparts          Ice            0%         1d1       69%         3
 Anguish                  Hex/Necr       0%         N/A       97%         4
 Dispel Undead            Necr           0%         3d6       97%         4
 Hailstorm                Conj/Ice       0%         3d3       97%         4
 Sticky Flame             Conj/Fire      0%         2d3       97%         4
 Enfeeble                 Hex            0%         N/A       100%        7
 Corpse Rot               Necr/Pois/Air  Unusable   N/A       N/A         4

Dungeon Overview and Level Annotations

Branches:
Dungeon (10/15)            Temple (1/1) D:4            Lair (1/5) D:8
  Sewer (visited)
    Orc: D:9-12

Altars:
Ashenzari
Cheibriados
Dithmenos
Fedhas
Gozag
Hepliaklqana
Kikubaaqudgha
Makhleb
Nemelex Xobeh
Okawaru
Qazlal
Ru
Sif Muna
Trog
Uskayaw
Vehumet
Wu Jian
Xom
Yredelemnul

Annotations:
D:4 1 runed translucent door, greasedhog's ghost, amateur GrHu
D:6 2 transporters


Innate Abilities, Weirdness & Mutations

You are immune to poison.
Your flesh is cold resistant. (rC+)
You are immune to negative energy. (rN+++)
You are immune to unholy pain and torment.
You are vulnerable to heat. (rF-)
You are in touch with the powers of death.
You do not drink.


Message History

* * * LOW HITPOINT WARNING * * *
The eight-headed hydra bites you.
* * * LOW HITPOINT WARNING * * *
The eight-headed hydra bites you.
* * * LOW HITPOINT WARNING * * *
The eight-headed hydra bites you.
* * * LOW HITPOINT WARNING * * *
[a] - 648 gold - haste, brilliance, heal wounds and magic [b] - 483 gold - might, brilliance, haste and heal wounds [c] - 300 gold - resistance Purchase which effect?
You feel very mighty all of a sudden.
You feel clever all of a sudden.
You feel yourself speed up.
You feel much better.
The eight-headed hydra bites you but does no damage.
The eight-headed hydra bites you!
* * * LOW HITPOINT WARNING * * *
The eight-headed hydra barely misses you.
The eight-headed hydra bites you.
* * * LOW HITPOINT WARNING * * *
The eight-headed hydra bites you.
* * * LOW HITPOINT WARNING * * *
The eight-headed hydra bites you but does no damage.
The eight-headed hydra bites you.
* * * LOW HITPOINT WARNING * * *
The eight-headed hydra bites you but does no damage.
You sock the eight-headed hydra!
The eight-headed hydra seems to slow down.
You freeze the eight-headed hydra!
The eight-headed hydra is severely wounded.
You sock the eight-headed hydra!
The eight-headed hydra seems to slow down.
You freeze the eight-headed hydra.
The eight-headed hydra is almost dead.
The eight-headed hydra bites you.
* * * LOW HITPOINT WARNING * * *
The eight-headed hydra misses you.
The eight-headed hydra bites you but does no damage. x2
The eight-headed hydra misses you. The eight-headed hydra bites you!
You die...
Your body crumbles into a pile of gold.

##...## ##P##
###.....##### #####....
...........#.###P#......
........................
...#.........P####..#.##
.#..#......#.## #..####
#..........#.# #..#...
.......#....[# #..#...
#.....D@..###.####......
.......##...............
##..... ########........
....... #....#.###
....... ##...####..
......# #....#.#P.P
.....# #....#.#..# .#...
##.P.#....# ##..##...#


You could see an eight-headed hydra (slow).

Vanquished Creatures
  A hydra (Lair:1)
  A black mamba (Lair:1)
  2 cane toads (Lair:1)
  2 gargoyles
  Maggie (D:6)
  An unseen horror (D:10)
  A hornet (D:9)
  5 wyverns
  10 vampire mosquitoes (D:10)
  2 steam dragons
  A warg (Lair:1)
  An acid dragon (D:8)
  Duvessa (D:7)
  5 water moccasins
  3 sky beasts
  6 orc warriors (D:8)
  5 black bears
  Pargi (Sewer)
  6 wolves (Lair:1)
  4 ogres
  5 centaurs
  A phantom (D:5)
  4 kobold brigands
  9 bullfrogs
  A necrophage (D:6)
  2 scorpions
  4 wights
  Dowan (D:7)
  A killer bee (D:8)
  7 howler monkeys
  A gnoll bouda (D:7)
  6 orc priests
  5 hounds
  3 jellies
  4 iguanas
  Jessica (D:3)
  Terence (D:3)
  Natasha (thrice) (D:4)
  11 orc wizards
  10 gnolls
  11 adders
  2 river rats (D:5)
  A shadow imp (D:6)
  3 white imps
  2 ufetubi
  2 dart slugs
  42 orcs
  6 endoplasms
  4 giant cockroaches
  5 goblins
  10 hobgoblins
  3 quokkas
  3 ball pythons
  A ball python skeleton (D:2)
  8 bats
  3 frilled lizards
  A jackal skeleton (D:2)
  22 kobolds
  A quokka skeleton (D:2)
  5 rats
274 creatures vanquished.

Vanquished Creatures (others)
  25 fungi
  30 plants
  5 withered plants (D:2)
60 creatures vanquished.

Grand Total: 334 creatures vanquished

Notes
Turn   | Place    | Note
-------+----------+-------------------------------------------
     0 | D:1      | Zeldest the Mummy Chaos Knight began the quest for the Orb.
     0 | D:1      | Reached XP level 1. HP: 18/18 MP: 1/1
   452 | D:1      | Reached XP level 2. HP: 23/24 MP: 2/2
   514 | D:1      | Reached skill level 3 in Axes
  1009 | D:1      | XOM: silly message
  1089 | D:2      | Gained mutation: You are in touch with the powers of death.
                  | [Mummy growth]
  1089 | D:2      | Reached XP level 3. HP: 29/29 MP: 3/3
  1149 | D:2      | Identified the +6 mace "Dunyu" {freeze, *Slow Will+ Str+7}
  1320 | D:2      | Identified the +10 trident "Neur" {flame, Dex+3}
  1487 | D:2      | Reached skill level 4 in Axes
  1487 | D:2      | Reached XP level 4. HP: 35/35 MP: 4/4
  1527 | D:3      | XOM is BORED!
  1527 | D:3      | XOM: 2-stop teleportation journey
  1686 | D:3      | XOM: confuse monster(s)
  1687 | D:3      | Noticed a bullfrog
  1687 | D:3      | Noticed Terence
  1700 | D:3      | Killed Terence
  1701 | D:3      | Reached XP level 5. HP: 37/41 MP: 5/5
  1707 | D:3      | Reached skill level 5 in Axes
  2155 | D:3      | Found a hazy altar of Hepliaklqana.
  2209 | D:3      | Noticed Jessica
  2210 | D:3      | Killed Jessica
  2211 | D:3      | Reached XP level 6. HP: 47/47 MP: 6/6
  2253 | D:3      | XOM: silly message
  2275 | D:3      | You fall into a shaft and drop 1 floor!
  2428 | D:4      | Noticed Natasha
  2433 | D:4      | Killed Natasha
  2446 | D:4      | Found a staircase to the Ecumenical Temple.
  2458 | D:4      | Reached skill level 6 in Axes
  2464 | Temple   | Entered the Ecumenical Temple
  2561 | Temple   | Fell from the grace of Xom
  2561 | Temple   | Became a worshipper of Gozag Ym Sagoz the Greedy
  2625 | D:4      | XOM: polymorph iguana -> centaur
  2688 | D:4      | Reached XP level 7. HP: 52/52 MP: 7/7
  2782 | D:4      | Found a runed translucent door.
  2782 | D:4      | Noticed greasedhog's ghost (amateur GrHu)
  2792 | D:4      | Noticed Natasha
  2796 | D:4      | Killed Natasha
  2889 | D:4      | Noticed Natasha
  2897 | D:4      | Killed Natasha
  3148 | D:5      | Entered Level 5 of the Dungeon
  3175 | D:5      | XOM: 2-stop teleportation journey
  3197 | D:5      | Found a glowing drain.
  3226 | Sewer    | Entered a sewer
  3239 | Sewer    | Noticed Pargi
  3244 | Sewer    | Killed Pargi
  3245 | Sewer    | Reached skill level 7 in Axes
  3769 | D:5      | XOM: cast spell 'Leda's Liquefaction'
  3811 | D:5      | Reached XP level 8. HP: 60/60 MP: 8/8
  4068 | D:5      | Reached skill level 8 in Axes
  4232 | D:5      | Found a shimmering blue altar of Sif Muna.
  4308 | D:6      | Noticed a gargoyle
  4308 | D:6      | Noticed a two-headed ogre
  4308 | D:6      | Found the +5 demon whip "Spellbinder" {antimagic, Will+}
  4309 | D:6      | Noticed a troll
  4584 | D:6      | XOM: god gift: scale mail {god gift}
  4684 | D:6      | Reached skill level 5 in Fighting
  4851 | D:6      | Noticed Maggie
  4867 | D:6      | Killed Maggie
  4868 | D:6      | Reached skill level 9 in Axes
  4868 | D:6      | Reached XP level 9. HP: 43/68 MP: 9/9
  5036 | D:6      | Found a transporter.
  5053 | D:6      | Found a transporter.
  5171 | D:6      | Found an ancient bone altar of Kikubaaqudgha.
  5363 | D:7      | Found a bloodstained altar of Trog.
  5431 | D:7      | XOM: 2-stop teleportation journey
  5467 | D:8      | XOM: noise
  5467 | D:8      | Noticed a two-headed ogre
  5596 | D:7      | XOM: swap monsters
  5617 | D:7      | Noticed Duvessa
  5618 | D:7      | Noticed Dowan
  5628 | D:7      | Killed Duvessa
  5629 | D:7      | Killed Dowan
  6179 | D:8      | HP: 3/71 [orc warrior/+0 battleaxe (8)]
  6182 | D:8      | Found a hide-covered altar of Uskayaw.
  6276 | D:8      | Reached skill level 10 in Axes
  6276 | D:8      | Reached skill level 5 in Armour
  6366 | D:8      | Found a staircase to the Lair.
  6388 | D:8      | Reached XP level 10. HP: 75/77 MP: 10/10
  6523 | D:8      | XOM: enchant monster (bad)
  7228 | D:8      | XOM: summons 1 hostile demon
  7681 | D:9      | Found a sparkling altar of Nemelex Xobeh.
  7681 | D:9      | Noticed a gargoyle
  7681 | D:9      | XOM: 1-stop teleportation journey
  7698 | D:9      | Killed a gargoyle
  7716 | D:9      | Found a shadowy altar of Dithmenos.
  7798 | D:9      | Reached skill level 11 in Axes
  7885 | D:9      | XOM: blink monster(s)
  7897 | D:9      | XOM: polymorph kobold -> bat
  7954 | D:9      | XOM: summons 4 hostile demons
  8299 | D:9      | Found an ornate altar of the Wu Jian Council.
  8353 | D:10     | Entered Level 10 of the Dungeon
  8391 | D:10     | Noticed a gargoyle
  8433 | D:10     | Killed a gargoyle
  8967 | D:10     | Found a shimmering altar of Xom.
  8967 | D:10     | Found a faded altar of an unknown god.
  8974 | D:10     | Found a broken altar of Ashenzari.
  8976 | D:10     | Found a basalt altar of Yredelemnul.
  8978 | D:10     | Found a sacrificial altar of Ru.
  9076 | D:10     | Reached XP level 11. HP: 82/86 MP: 11/11
  9204 | D:10     | Noticed a two-headed ogre
  9204 | D:10     | Noticed a five-headed hydra
  9208 | D:10     | Noticed a tengu warrior
  9210 | D:10     | Noticed a deep elf pyromancer
  9346 | Lair:1   | Entered Level 1 of the Lair of Beasts
  9348 | Lair:1   | Noticed a six-headed hydra
  9361 | Lair:1   | Killed a six-headed hydra
  9536 | Lair:1   | Reached skill level 12 in Axes
  9909 | Lair:1   | Noticed an eight-headed hydra
  9919 | Lair:1   | Slain by an eight-headed hydra

Illustrated notes

Levels and vault maps discovered:
D:1:      amcnicky_arrival_blooded_trapdoor, layout_basic, supply_closet_lemuel
D:2:      layout_loops_ring, serial_undead, serial_undead_b, serial_undead_f,
          serial_undead_d, serial_undead_a
D:3:      layout_basic, mainiacjoe_overflow_boulevard, lemuel_round_altar,
          uniq_jessica, uniq_terence
D:4:      layout_loops_ring, temple_fountains, ebering_ghost_inner_flame,
          minmay_starry_boxes, uniq_natasha
D:5:      black_bear_nest_1, layout_basic, nicolae_overflow_hidden_temple,
          portal_sewer_entry_b, kennysheep_generic_room_3
D:6:      layout_loops_cross, gammafunk_temple_overflow_arena,
          mainiacjoe_overflow_alcove_4, serial_glass, glass_columns_c,
          glass_columns_b, glass_columns_c, glass_columns_b, glass_columns_c,
          glass_columns_c, glass_columns_a, glass_columns_c, glass_columns_a,
          glass_columns_b, glass_columns_a, glass_columns_a, glass_columns_a,
          glass_columns_c, uniq_maggie
D:7:      layout_basic, mainiacjoe_overflow_brackets, uniq_duvessa
D:8:      layout_gridville, lemuel_coloured_pillars_altar,
          due_lair_maze_entry_diamond
D:9:      layout_roguey [special_room_orc], nemelex_spade_bored_becter,
          kennysheep_mini_moat, old_standard_altar, lemuel_doored_altar,
          st_stairs_12, minmay_misc_feat_tower
D:10:     layout_basic, chequers_temple_overflow_minitemple, grunt_tough_drop
Temple:   nicolae_temple_great_sept
Lair:1:   beast_lair_carwin_large_1, layout_gridlike, grunt_megastairs_5,
          serial_bayou_shore_a

Skill      XL: |  1  2  3  4  5  6  7  8  9 10 11 |
---------------+----------------------------------+-----
Axes           | 3 4 5 6 7 9 10 11 12 | 12.2
Armour         | 2 3 5 6 7 |  7.1
Fighting       | 5 6 8 9 |  9.0
Dodging        | |  0.7

Action                   |  1- 3 |  4- 6 |  7- 9 | 10-12 || total
-------------------------+-------+-------+-------+-------++-------
Melee: Hand axe          |    74 |       |       |       ||    74
       Punch             |     1 |       |     3 |     4 ||     8
       Mace              |    10 |    80 |   368 |   411 ||   869
Invok: Potion Petition   |       |       |       |     3 ||     3
Evoke: Wand              |       |       |     6 |     6 ||    12
       Piece from Xom's  |       |       |       |     2 ||     2
  Use: Scroll            |       |       |     3 |    13 ||    16
 Stab: Distracted        |       |       |     1 |       ||     1
       Invisible         |       |       |       |     2 ||     2
Armor: Leather armour    |    14 |       |       |       ||    14
       Scale mail        |    16 |    19 |    75 |       ||   110
       Steam dragon scal |       |       |    73 |   170 ||   243
Dodge: Dodged            |    41 |    73 |   358 |   410 ||   882
